Map: Cosmic Sapphire

Players

Dolan

  • Race: Terran Terran
  • Spawn Location: 11:00

Solar - Winner!

  • Race: Zerg Zerg
  • Spawn Location: 5:00

Event: DreamHack SC2 Masters 2022 Atlanta (Offline)

VOD

Have the link to the VOD?

Description

Time

  • Played on: Nov. 18, 2022, 11:06 a.m.
  • Length: 12:53

All games in this series

Show
View Real Time Build Order
Export as new Build Order

Dolan Terran 

Build Orders: Liberator Opening, Reaper Expand 

Get SALT Encoding   

  12  0:00  SCV  
  13  0:12  SCV  
  14  0:16  Supply Depot  
  14  0:24  SCV  
  15  0:38  SCV, Barracks  
  15  0:42  Refinery  
  16  0:50  SCV  
  17  1:02  SCV  
  18  1:14  SCV  
  19  1:25  Reaper  
  20  1:26  Orbital Command  
  20  1:39  Command Center  
  20  1:46  Supply Depot  
  20  1:52  SCV  
  21  1:57  Marine  
  22  2:04  SCV  
  22  2:07  Factory  
  23  2:12  Refinery  
  23  2:16  SCV  
  23  2:18  Barracks Reactor  
  24  2:28  SCV  
  25  2:40  SCV  
  26  2:52  Starport, Orbital Command  
  26  2:53  SCV  
  27  3:00  Hellion  
  27  3:01  Hellion, Barracks Tech Lab  
  31  3:05  SCV  
  32  3:15  Supply Depot  
  32  3:19  SCV x2  
  34  3:22  Hellion x2  
  38  3:32  SCV x2  
  40  3:40  Supply Depot  
  43  3:45  Hellion x2  
  43  3:46  Liberator  
  47  3:54  SCV x2  
  49  4:06  SCV x2  
  49  4:07  Hellion x2  
  54  4:11  Command Center  
  54  4:21  SCV x2  
  56  4:24  Barracks Tech Lab  
  60  4:33  SCV  
  60  4:34  SCV  
  60  4:35  Supply Depot  
  58  4:42  Barracks, Starport Reactor  
  58  4:45  Barracks  
  58  4:48  SCV x2  
  58  4:50  Stimpack  
  60  4:57  Siege Tank  
  63  5:01  Engineering Bay x2  
  63  5:04  Refinery  
  63  5:05  Refinery  
  63  5:08  SCV x2  
  65  5:20  SCV x2  
  67  5:24  Orbital Command  
  67  5:28  Supply Depot, Terran Infantry Armor Level 1, Terran Infantry Weapons Level 1  
  67  5:30  Starport Reactor  
  67  5:33  Siege Tank  
  70  5:41  SCV x2  
  69  5:43  Marine x2  
  69  5:44  Marine x2  
  69  5:46  Marine  
  74  5:54  SCV x3  
  77  6:05  Marine x5  
  77  6:07  Orbital Command  
  77  6:08  Medivac x2, Siege Tank  
  89  6:12  SCV x2  
  91  6:22  Barracks  
  91  6:23  Barracks  
  91  6:24  SCV  
  91  6:25  SCV  
  93  6:29  Combat Shield  
  93  6:38  Supply Depot  
  93  6:41  Marine x5  
  93  6:43  Supply Depot, Armory  
  93  6:44  SCV x2  
  93  6:45  SCV  
  101  6:59  Supply Depot, Siege Tank, Marine x3  
  101  7:00  Supply Depot, Marine  
  108  7:07  Medivac x2  
  112  7:12  Barracks Reactor x2  
  112  7:16  Marine  
  112  7:17  Marine x4  
  112  7:20  SCV x3  
  112  7:21  Supply Depot  
  118  7:33  SCV  
  118  7:35  Marine x5  
  108  7:48  SCV  
  108  7:49  SCV x2  
  108  7:50  Marine x2  
  108  7:51  Marine x2  
  112  8:00  Marine x4  
  112  8:01  Supply Depot, SCV x3, Marine  
  112  8:03  Siege Tank  
  123  8:05  Medivac  
  123  8:06  Medivac  
  115  8:16  Marine x4  
  115  8:18  Terran Infantry Armor Level 2, Terran Infantry Weapons Level 2, Marine  
  113  8:20  Marine x4  
  117  8:32  Supply Depot x2  
  117  8:33  Supply Depot  
  117  8:41  Marine x5  
  118  8:42  Barracks  
  118  8:43  Barracks x2  
  118  8:47  Marine  
  118  8:48  Siege Tank  
  126  8:53  Marine x3  
  129  8:58  Marine  
  129  8:59  Marine x2  
  131  9:04  Marine x2  
  131  9:05  Marine  
  131  9:08  SCV x2  
  135  9:11  Marine  
  135  9:16  Medivac  
  135  9:17  Medivac, Marine  
  139  9:26  Marine x4  
  139  9:31  Marine x3  
  137  9:39  Supply Depot x2  
  137  9:40  Barracks Reactor x3  
  137  9:42  Marine x2  
  137  9:44  Marine x2  
  141  9:52  Supply Depot x2  
  141  9:54  Marine x2  
  141  9:58  Medivac x2, Siege Tank  
  141  9:59  Marine x4  
  148  10:08  Marine x3  
  148  10:12  Marine x2  
  153  10:16  Marine x3  
  153  10:19  Marine x2  
  153  10:20  Marine x5  
  163  10:30  Marine x2  
  165  10:37  Marine  
  165  10:38  Marine x5  
  171  10:51  Marine  
  171  10:56  Marine x2  
  171  10:57  Marine x8  
  174  10:58  Marine x4  
  174  11:00  Supply Depot  
  174  11:02  Supply Depot  
  174  11:03  Medivac x2, Siege Tank  
  193  11:10  Marine  
  194  11:14  Marine x2  
  194  11:17  Marine  
  197  11:22  Marine x3  
  200  11:32  Marine x2  
  169  11:43  Marine x3  
  128  11:51  Marine x4  
  128  11:53  Marine x4  
  120  11:54  Medivac x2, Siege Tank  
  122  12:02  Marine x7  
  129  12:09  Marine x4  
  129  12:11  Marine x4  
  137  12:20  Marine x7  
  144  12:27  Marine x4  
  144  12:29  Marine x4  
Show
View Real Time Build Order
Export as new Build Order

Solar Zerg - Winner!

Build Orders: Hatch First 

Get SALT Encoding   

  12  0:00  Drone  
  13  0:12  Overlord  
  13  0:16  Drone  
  14  0:31  Drone x2  
  16  0:47  Hatchery  
  15  0:51  Drone  
  15  0:55  Drone  
  17  0:57  Drone  
  18  1:09  Extractor  
  17  1:12  Spawning Pool  
  17  1:15  Drone  
  17  1:19  Drone  
  18  1:28  Drone  
  19  1:39  Drone  
  20  1:51  Drone  
  21  1:59  Queen x2  
  26  2:01  Zergling x4  
  27  2:10  Overlord  
  27  2:12  Drone  
  28  2:20  Hatchery  
  27  2:23  Drone  
  27  2:29  Drone  
  29  2:32  Spore Crawler, Drone  
  29  2:38  Queen  
  32  2:44  Overlord  
  32  2:47  Drone  
  32  2:48  Drone  
  34  2:51  Metabolic Boost  
  34  2:55  Drone  
  34  2:57  Drone  
  36  3:04  Drone  
  36  3:05  Drone  
  38  3:08  Drone  
  38  3:09  Drone x2  
  41  3:14  Queen  
  43  3:20  Overlord  
  43  3:21  Drone  
  44  3:32  Queen x2  
  44  3:34  Overlord  
  48  3:38  Drone x2  
  48  3:41  Drone x2  
  52  3:43  Drone  
  52  3:47  Drone  
  52  3:48  Drone x2  
  56  3:49  Drone  
  56  3:53  Drone x2  
  59  3:55  Spore Crawler  
  59  3:57  Zergling x2  
  59  4:00  Overlord  
  60  4:04  Drone  
  60  4:05  Drone  
  60  4:06  Drone  
  60  4:08  Overlord  
  62  4:10  Queen  
  62  4:12  Drone  
  65  4:17  Queen, Drone  
  65  4:18  Drone  
  65  4:19  Drone  
  65  4:20  Drone  
  65  4:21  Zergling x2  
  72  4:24  Zergling x4  
  72  4:28  Overlord  
  72  4:31  Drone  
  74  4:32  Drone  
  74  4:33  Drone  
  74  4:37  Spore Crawler  
  75  4:39  Drone x3, Extractor, Evolution Chamber  
  75  4:41  Drone  
  75  4:42  Evolution Chamber  
  75  4:43  Overlord  
  75  4:45  Zergling x4  
  78  4:48  Drone x2  
  78  4:51  Overlord  
  78  4:52  Drone  
  81  4:53  Drone  
  81  4:57  Queen  
  81  4:59  Overlord  
  84  5:00  Overlord  
  84  5:03  Drone x2  
  84  5:04  Overlord  
  86  5:09  Spore Crawler  
  86  5:13  Zergling x4  
  87  5:16  Drone x3  
  87  5:20  Zergling x6  
  93  5:22  Zerg Ground Armor Level 1  
  93  5:24  Zerg Melee Weapons Level 1  
  93  5:25  Drone  
  93  5:26  Drone  
  93  5:27  Extractor  
  94  5:30  Drone  
  94  5:34  Drone x2  
  94  5:35  Drone  
  98  5:37  Drone x2  
  98  5:38  Drone x2  
  98  5:42  Lair  
  101  5:43  Baneling Nest  
  101  5:48  Extractor x2  
  96  5:50  Zergling x8  
  100  6:00  Overlord  
  100  6:05  Zergling x12  
  100  6:07  Hatchery  
  105  6:12  Drone  
  105  6:13  Drone x2  
  105  6:17  Drone  
  105  6:18  Zergling x10  
  116  6:25  Drone x2  
  116  6:28  Baneling x4, Drone  
  116  6:29  Baneling  
  116  6:30  Hatchery  
  116  6:32  Hatchery  
  116  6:33  Baneling x7  
  116  6:35  Zergling x2  
  116  6:36  Zergling x4  
  116  6:37  Zergling x2  
  116  6:39  Zergling x2  
  120  6:43  Overseer  
  120  6:44  Centrifugal Hooks  
  120  6:45  Drone  
  120  6:46  Overlord  
  121  6:47  Drone  
  121  6:49  Zergling x4  
  121  6:50  Zergling x2  
  121  6:52  Zergling x2  
  121  6:53  Zergling x4  
  128  6:54  Zergling x2  
  128  7:01  Overlord x2  
  129  7:02  Drone  
  129  7:03  Overlord  
  129  7:05  Overlord  
  130  7:15  Overlord  
  130  7:16  Zergling x16  
  130  7:18  Zerg Melee Weapons Level 2  
  130  7:22  Zerg Ground Armor Level 2  
  137  7:23  Zergling x2  
  137  7:25  Baneling x2  
  137  7:26  Zergling x6  
  138  7:35  Zergling x6  
  138  7:36  Zergling x4  
  135  7:38  Drone  
  135  7:41  Drone x2  
  127  7:45  Zergling x2  
  127  7:47  Zergling x2  
  127  7:50  Zergling x2  
  127  7:51  Infestation Pit  
  125  7:53  Zergling x2  
  125  7:54  Zergling x6  
  125  7:55  Drone  
  125  7:57  Drone  
  131  8:04  Zergling x8  
  133  8:06  Baneling  
  133  8:07  Baneling x3  
  133  8:09  Zergling x6  
  129  8:14  Zergling x22  
  129  8:16  Drone  
  129  8:17  Drone  
  141  8:21  Drone  
  141  8:25  Zergling x6  
  145  8:27  Baneling x9  
  145  8:28  Zergling x8  
  145  8:31  Hydralisk Den, Drone  
  145  8:33  Hive  
  149  8:35  Extractor  
  149  8:36  Drone x3  
  149  8:37  Drone  
  149  8:38  Drone  
  149  8:40  Pneumatized Carapace  
  153  8:41  Drone x2, Overlord  
  153  8:42  Spore Crawler, Zergling x2  
  153  8:43  Zergling x8  
  153  8:47  Zergling x6  
  161  8:49  Baneling x24  
  161  8:51  Zergling x2  
  161  8:54  Zergling x4  
  163  8:58  Zergling x14  
  163  8:59  Zergling x2  
  163  9:01  Zergling x4  
  172  9:08  Zergling x10  
  174  9:12  Zergling x12  
  174  9:14  Extractor  
  174  9:16  Hydralisk  
  177  9:18  Hydralisk x3  
  177  9:21  Zergling x2  
  177  9:23  Zergling x2  
  177  9:24  Zergling x4  
  187  9:28  Zergling x10  
  191  9:31  Zergling x6  
  194  9:39  Zergling x10  
  194  9:45  Spore Crawler, Zerg Missile Weapons Level 1  
  198  9:46  Adrenal Glands  
  198  9:54  Zerg Ground Armor Level 3  
  198  9:59  Hatchery  
  197  10:02  Viper  
  197  10:10  Drone x3  
  200  10:17  Hatchery  
  199  10:23  Ultralisk Cavern, Extractor  
  197  10:28  Drone  
  197  10:29  Drone x2  
  200  10:40  Zergling x2  
  200  10:41  Zergling x2  
  196  10:46  Zergling x8  
  200  11:14  Baneling x3  
  199  11:27  Chitinous Plating  
  193  11:38  Zergling x16, Ultralisk x3  
  193  11:39  Zergling x6  
  198  11:41  Zergling x20  
  198  11:43  Zergling x18  
  190  11:49  Zergling x26  
  190  11:50  Zergling x12  
  190  11:51  Zergling x6  
  190  11:52  Zergling x2  
  199  11:59  Zergling x6  
  199  12:04  Baneling x24  
  199  12:05  Baneling x7  
  199  12:10  Overseer x3  
  199  12:24  Drone  
Tags
 
Add a new tag
Caveats
  • Supply blocks, unpowered buildings, or Contaminate may cause inaccurate times.
  • Supply counts are checked every 10 seconds.